 Dungeon Crawl Stone Soup version 0.31-a0-496-g6f97920a28 (webtiles) character file.

Game seed: 11407138363954637663

35 randomguy2701 the Stinger (level 3, -3/21 HPs)
             Began as an Octopode Venom Mage on Aug 8, 2023.
             Slain by an ufetubus (4 damage)
             ... on level 2 of the Dungeon.
             The game lasted 00:01:17 (1541 turns).

randomguy2701 the Stinger (Octopode Venom Mage)     Turns: 1541, Time: 00:01:18

Health: -3/21      AC:  1    Str:  7    XL:     3   Next: 33%
Magic:  0/6        EV: 13    Int: 19    God:
Gold:   53         SH:  0    Dex: 12    Spells: 5/6 levels left

rFire   . . .        (no weapon)
rCold   . . .        (no shield)
rNeg    . . .        (helmet restricted)
rPois   .            (no amulet)
rElec   .            (no ring)
rCorr   .            (no ring)
SInv    .            (no ring)
Will    .....        (no ring)
Stlth   +++          (no ring)
HPRegen 0.23/turn    (no ring)
MPRegen 0.10/turn    (no ring)
                     (no ring)

%: no passive effects
@: no status effects
A: almost no armour, amphibious, 8 rings, camouflage 1, gelatinous body 1,
(nimble swimmer 1), tentacles
a: no special abilities


You were on level 2 of the Dungeon.
You visited 1 branch of the dungeon, and saw 2 of its levels.

You collected 53 gold pieces.

Inventory:

Scrolls
 d - a scroll of noise {unknown}
 e - a scroll of immolation {unknown}
Potions
 a - a potion of magic
 b - 2 potions of ambrosia {unknown}
 c - a potion of might {unknown}


   Skills:
 + Level 0.2 Fighting
 + Level 2.2 Dodging
 * Level 3.2 Stealth
 + Level 2.3 Spellcasting
 - Level 1.0 Transmutations
 + Level 4.3 Poison Magic


You had 5 spell levels left.
You knew the following spells:

 Your Spells              Type           Power      Damage    Failure   Level
a - Sting                 Tmut/Pois      48%        1d5       5%          1

Your spell library contained the following spells:

 Spells                   Type           Power      Damage    Failure   Level
 Poisonous Vapours        Pois/Air       20%        N/A       10%         2
 Mephitic Cloud           Conj/Pois/Air  7%         N/A       26%         3
 Olgreb's Toxic Radiance  Pois           18%        N/A       26%         4


Dungeon Overview and Level Annotations

Branches:
Dungeon (2/15)

Altars:


Innate Abilities, Weirdness & Mutations

You cannot wear most types of armour.
You are amphibious.
You can wear up to eight rings at the same time.
Your skin changes colour to match your surroundings (Stealth+).
Your rubbery body absorbs attacks. (AC +1, EV +1)
((You are camouflaged when in or above water. (Stealth+)))
You have tentacles for arms and can constrict up to eight enemies at once.


Message History

You can't see any susceptible monsters within range! (Use Z to cast anyway.)
A quokka is nearby!
A quokka is nearby!
A quokka is nearby!
A quokka is nearby!
A quokka is nearby!
You can't see any susceptible monsters within range! (Use Z to cast anyway.)
You can't see any susceptible monsters within range! (Use Z to cast anyway.)
An ufetubus comes into view.
Found a ring mail and 10 gold pieces.
The sting hits the quokka but does no damage.
The quokka is poisoned.
The ufetubus shouts!
You hear a shout!
The sting misses the quokka.
The quokka bites you.
The sting hits the quokka.
The quokka looks even sicker.
You kill the quokka!
The sting misses the ufetubus.
The ufetubus hits you. The ufetubus barely misses you.
You are out of magic!
You are out of magic!
You are out of magic!
You barely miss the ufetubus. Your grab misses the ufetubus.
The ufetubus completely misses you. The ufetubus hits you. x2
The ufetubus misses you.
You are too injured to fight recklessly!
You are too injured to fight recklessly!
You closely miss the ufetubus. You grab the ufetubus.
You constrict the ufetubus. The ufetubus closely misses you.
The ufetubus misses you.
You tentacle-slap the ufetubus but do no damage.
You constrict the ufetubus. The ufetubus hits you.
* * * LOW HITPOINT WARNING * * *
The ufetubus hits you.
* * * LOW HITPOINT WARNING * * *
The ufetubus closely misses you. The ufetubus barely misses you.
You tentacle-slap the ufetubus.
The ufetubus is heavily wounded.
You constrict the ufetubus, but do no damage.
The ufetubus misses you. The ufetubus hits you.
You die...

#.##........
#####.#####..###
#.......###..#
..#####.###........#
...........)..####.#
##...†..#.##.#
#.......†##.#
#..##.......# ....
#......@5#
.......#.#.###......
.....#.#.#.. .....
.........#### [..$
....#.### ##. #### ^
#


You could see an ufetubus.

Vanquished Creatures
  A worm (D:2)
  2 ball pythons
  2 endoplasms
  2 giant cockroaches
  2 goblins (D:1)
  3 hobgoblins
  2 jackals (D:1)
  3 quokkas
  A bat (D:1)
  A frilled lizard (D:1)
  4 kobolds (D:1)
  5 rats
28 creatures vanquished.

Notes
Turn   | Place    | Note
-------+----------+-------------------------------------------
     0 | D:1      | randomguy2701 the Octopode Venom Mage began the quest for
                  | the Orb.
     0 | D:1      | Reached XP level 1. HP: 11/11 MP: 3/3
   380 | D:1      | Reached XP level 2. HP: 13/17 MP: 0/5
   440 | D:1      | Reached skill level 4 in Poison Magic
  1273 | D:2      | Reached XP level 3. HP: 18/21 MP: 0/6
  1330 | D:2      | Found a faded altar of an unknown god.
  1540 | D:2      | HP: 1/21 [ufetubus (4)]
  1541 | D:2      | Slain by an ufetubus

Illustrated notes

Levels and vault maps discovered:
D:1:      nicolae_arrival_washed_ashore, layout_loops_corners
D:2:      layout_loops_cross, nicolae_ecumenical_lake_church

Skill      XL: |  1  2 |
---------------+-------+-----
Stealth        | 3 |  3.2
Poison Magic   | 4 |  4.3
Fighting       | |  0.2
Dodging        | |  2.2
Spellcasting   | |  2.3
Transmutations | |  1.0

Action                     || total
---------------------------++-------
  Melee: Unarmed           ||    18
         Constrict         ||     5
         Tentacles         ||     2
   Cast: Sting             ||    59
 Armour: Skin              ||     3
  Dodge: Dodged            ||    30

Table legend: (Time is in decaauts)
 A = Elapsed time spent in this place.
 B = Non-inter-level travel time spent in this place.
 C = Inter-level travel time spent in this place.
 D = Time resting spent in this place.
 E = Time spent auto-exploring this place.
 F = Levels seen in this place.
 G = Mean time per level.
                   A        B        C        D        E       F      G
               +--------+--------+--------+--------+--------+-----+--------+
         Total |   1540 |   1488 |     52 |      0 |   1313 |   2 |  770.0 |
       Dungeon |   1540 |   1488 |     52 |      0 |   1313 |   2 |  770.0 |
               +--------+--------+--------+--------+--------+-----+--------+

Top non-repeatable levels by time:
     D:1: 1264 daAuts
     D:2: 276 daAuts
